 Dungeon Crawl Stone Soup version 0.30.1-4-g462c640d31 (webtiles) character file.

Game seed: 16458438746822468573

1020 Graphine the Stinger (level 8, -6/57 HPs)
             Began as a Pale Draconian Venom Mage on Sept 14, 2023.
             Mangled by a wraith (9 damage)
             ... on level 5 of the Dungeon.
             The game lasted 00:16:26 (4494 turns).

Graphine the Stinger (Pale Draconian Venom Mage)    Turns: 4494, Time: 00:16:26

Health: -6/57      AC:  8    Str: 12    XL:     8   Next: 2%
Magic:  1/14       EV: 12    Int: 17    God:
Gold:   298        SH:  3    Dex: 11    Spells: 8/15 levels left

rFire   + . .        b - staff of poison
rCold   . . .        x - +0 buckler
rNeg    . . .        (body armour unavailable)
rPois   +            (helmet restricted)
rElec   .            (no cloak)
rCorr   +            t - +0 pair of gloves
SInv    .            w - +0 pair of boots
Will    .....        (no amulet)
Stlth   ++           q - ring of resist corrosion
HPRegen 0.29/turn    s - ring of protection from fire
MPRegen 0.14/turn

%: no passive effects
@: slowed, very slow
A: breathe steam, AC +6, unfitting armour, cold-blooded, steam resistance
a: Breathe Steam


You were on level 5 of the Dungeon.
You visited 1 branch of the dungeon, and saw 5 of its levels.

You collected 298 gold pieces.

Inventory:

Hand Weapons
 n - a +0 club
Armour
 t - a +0 pair of gloves (worn)
 w - a +0 pair of boots (worn)
 x - a +0 buckler (worn)
Magical Staves
 b - a staff of poison (weapon)
Jewellery
 q - a ring of resist corrosion (left hand)
 s - a ring of protection from fire (right hand)
 v - an amulet of faith
Wands
 m - a wand of digging (2)
 r - a wand of charming (9)
Scrolls
 c - a scroll of torment {unknown}
 e - 2 scrolls of fear
 f - 2 scrolls of enchant armour
 g - a scroll of enchant weapon
 h - 2 scrolls of teleportation
 i - a scroll of noise {unknown}
 k - 2 scrolls of fog
 o - a scroll of magic mapping {unknown}
 p - a scroll of brand weapon {unknown}
 u - 2 scrolls of poison {unknown}
Potions
 a - a potion of magic
 j - a potion of brilliance


   Skills:
 + Level 3.7 Staves
 + Level 4.0 Dodging
 - Level 1.8 Stealth
 + Level 1.3 Shields
 + Level 4.1 Spellcasting
 - Level 1.0 Transmutations
 + Level 5.0 Poison Magic
 + Level 4.2 Evocations


You had 8 spell levels left.
You knew the following spells:

 Your Spells              Type           Power      Damage    Failure   Level
a - Sting                 Tmut/Pois      80%        1d7       6%          1
b - Poisonous Vapours     Pois/Air       36%        N/A       12%         2
c - Olgreb's Toxic Radia  Pois           31%        N/A       26%         4

Your spell library contained the following spells:

 Spells                   Type           Power      Damage    Failure   Level
 Necrotise                Necr           12%        1d4       22%         1
 Mephitic Cloud           Conj/Pois/Air  13%        N/A       32%         3
 Vampiric Draining        Necr           3%         2d6       54%         3
 Agony                    Necr           3%         N/A       99%         5


Dungeon Overview and Level Annotations

Branches:
Dungeon (5/15)
 Temple: D:4-7

Altars:
Qazlal
Uskayaw
Vehumet
Zin

Annotations:
D:5 dvd2's ghost, novice DEEE


Innate Abilities, Weirdness & Mutations

You can breathe blasts of scalding, opaque steam.
Your pale cyan-grey scales are hard. (AC +6)
You cannot fit into any form of body armour.
You are cold-blooded and may be slowed by cold attacks.
You are immune to the effects of steam.


Message History

The wraith is almost destroyed.
The wraith barely misses you.
You hit the wraith but do no damage.
The wraith is almost destroyed.
The wraith hits you but does no damage.
Casting: Sting (safe; 6% risk of failure)
Confirm with . or Enter, or press ? or * to list all spells.
Aiming: Sting (safe; 6% risk of failure)
Press: ? - help, Shift-Dir - straight line, f/p - wraith
Aim: a wraith (almost destroyed, 76% to hit)
You feel a surge of power!
You miscast Sting.
You are very lightly contaminated with residual magic.
Nothing appears to happen.
The wraith hits you.
* * * LOW HITPOINT WARNING * * *
Okay, then.
You barely miss the wraith.
The wraith is severely damaged.
You block the wraith's attack.
You hit the wraith but do no damage.
The wraith is severely damaged.
The wraith hits you.
* * * LOW HITPOINT WARNING * * *
The wraith drains your vigour!
You feel yourself slow down.
Okay, then.
Okay, then.
Okay, then.
Okay, then.
It was a potion of cancellation.
Your magical effects are unravelling.
You feel magically purged.
Your magical contamination has completely faded away.
You feel yourself speed up. You block the wraith's attack.
It was a potion of curing.
You feel better. The wraith hits you!
* * * LOW HITPOINT WARNING * * *
The wraith drains your vigour!
You feel yourself slow down.
Okay, then.
You have got your breath back.
The wraith hits you!
You die...

#..<..........##.#
#.........#'#..#.#
#........##.##.#.#
.....##..#...#...#
.....##.#######..#
.....##.#....)#..#
.....#..)...).#..#
.....#.#########.#
..#.# ......#@#
#.#.# ......W.#
#.#.# ......#.#
#.#.#########.#
#.#..†.....#..#
#.##.#.....#.##
#....#######.#
##....#...#..#
#...†##.##..#


You could see a wraith.

Vanquished Creatures
  A yak (D:5)
  A water moccasin (D:5)
  An ice beast (D:5)
  A centaur (D:4)
  An ogre (D:4)
  A phantom (D:4)
  A kobold brigand (D:4)
  2 scorpions
  A hound (D:5)
  2 iguanas (D:5)
  6 adders
  2 ufetubi
  6 worms
  A dart slug (D:4)
  6 orcs
  9 endoplasms
  12 giant cockroaches
  5 goblins
  4 hobgoblins
  A jackal (D:5)
  7 quokkas
  4 ball pythons
  6 bats
  2 frilled lizards
  9 kobolds
  4 rats
96 creatures vanquished.

Notes
Turn   | Place    | Note
-------+----------+-------------------------------------------
     0 | D:1      | Graphine the Draconian Venom Mage began the quest for the
                  | Orb.
     0 | D:1      | Reached XP level 1. HP: 14/14 MP: 3/3
   240 | D:1      | You fall into a shaft and drop 1 floor!
   301 | D:2      | Reached XP level 2. HP: 19/20 MP: 0/5
   621 | D:1      | Learned a level 2 spell: Poisonous Vapours
  1229 | D:2      | Reached skill level 1 in Staves
  1229 | D:2      | Reached XP level 3. HP: 23/26 MP: 0/6
  1312 | D:2      | Reached skill level 1 in Evocations
  1633 | D:2      | Identified the +4 sling "Owente" {freeze, rC+ rN+}
  2078 | D:3      | Reached XP level 4. HP: 33/33 MP: 5/7
  2083 | D:3      | Learned a level 4 spell: Olgreb's Toxic Radiance
  2116 | D:3      | Found a radiant altar of Vehumet.
  2123 | D:3      | Found a stormy altar of Qazlal.
  2171 | D:3      | Found a faded altar of an unknown god.
  2221 | D:3      | Noticed a scorpion
  2226 | D:3      | Killed a scorpion
  2551 | D:3      | Reached XP level 5. HP: 38/38 MP: 3/9
  2900 | D:4      | Noticed an ogre
  2907 | D:4      | Killed an ogre
  2908 | D:4      | Reached skill level 4 in Poison Magic
  2937 | D:4      | Found a glowing silver altar of Zin.
  3056 | D:4      | Reached XP level 6. HP: 45/45 MP: 5/10
  3847 | D:4      | Found a hide-covered altar of Uskayaw.
  3847 | D:4      | Noticed a +0 dagger
  3848 | D:4      | Noticed a +0 dagger
  4018 | D:4      | Your scales start taking on a pale cyan-grey colour.
  4018 | D:4      | Reached XP level 7. HP: 50/50 MP: 10/12
  4018 | D:4      | Gained mutation: You are immune to the effects of steam.
                  | [Pale Draconian growth]
  4130 | D:5      | Entered Level 5 of the Dungeon
  4184 | D:5      | Noticed dvd2's ghost (novice DEEE)
  4463 | D:5      | Noticed a wraith
  4463 | D:5      | Noticed a yak
  4474 | D:5      | Killed a yak
  4475 | D:5      | Reached skill level 1 in Shields
  4480 | D:5      | Reached skill level 5 in Poison Magic
  4480 | D:5      | Reached XP level 8. HP: 25/57 MP: 2/14
  4494 | D:5      | Mangled by a wraith

Illustrated notes

Levels and vault maps discovered:
D:1:      kennysheep_arrival_seaside, layout_loops_cross, minmay_misc_feat_iff
D:2:      layout_loops_ring
D:3:      layout_basic, mainiacjoe_overflow_catwalk_spiral,
          basic_ecumenical_altar, serial_glass, glass_columns_a,
          glass_columns_c, chequers_mini_garden, nicolae_wormholes
D:4:      layout_cave_pools, mainiacjoe_overflow_small_starburst,
          dancing_weapons_uskayaw, gup_sewer_entry_pipe,
          minmay_fractal_squares_diagonal_5
D:5:      lemuel_ratsnest, layout_rooms, regret_index_temple_of_mockery,
          minmay_temple_entry_nine_rooms, gammafunk_ghost_icy,
          hangedman_decor_growths, minmay_divided_ellipse

Skill      XL: |  1  2  3  4  5  6  7 |
---------------+----------------------+-----
Dodging        | 2 3 4 |  4.0
Staves         | 1 2 3 |  3.7
Evocations     | 1 2 3 4 |  4.2
Spellcasting   | 3 4 |  4.1
Poison Magic   | 4 5 |  5.0
Shields        | 1 |  1.3
Stealth        | |  1.8
Transmutations | |  1.0

Action                     |  1- 3 |  4- 6 |  7- 9 || total
---------------------------+-------+-------+-------++-------
  Melee: Staff             |    42 |    86 |    23 ||   151
         Unarmed           |     3 |       |       ||     3
         Tailslap          |     5 |     8 |     3 ||    16
         Punch             |     1 |       |     1 ||     2
         Club              |       |     6 |       ||     6
   Cast: Sting             |    60 |    54 |    26 ||   140
         Poisonous Vapours |       |    23 |       ||    23
         Olgreb's Toxic Ra |       |     3 |     1 ||     4
Ability: Breathe Steam     |       |       |     6 ||     6
    Use: Scroll            |     2 |     5 |       ||     7
         Potion            |       |     4 |     2 ||     6
   Stab: Distracted        |     1 |       |       ||     1
 Armour: Skin              |    20 |    46 |     6 ||    72
  Dodge: Dodged            |    35 |    77 |    16 ||   128
  Block: Buckler           |       |       |     3 ||     3
